 Dungeon Crawl Stone Soup version 0.20.1-1-g8b1a95d (webtiles) character file.

120 yevrey the Conjurer (level 4, -4/34 HPs)
             Began as a Draconian Conjurer on Oct 25, 2017.
             Slain by Sigmund
             ... wielding a +0 scythe
              (8 damage)
             ... on level 3 of the Dungeon.
             The game lasted 00:08:42 (2858 turns).

yevrey the Conjurer (Draconian Conjurer)            Turns: 2858, Time: 00:08:43

Health: -4/34      AC:  5    Str: 10    XL:     4   Next: 75%
Magic:  4/8        EV: 12    Int: 16    God:
Gold:   91         SH:  0    Dex: 12    Spells: 2/8 levels left

rFire    . . .     SeeInvis .   s - +2 short sword (venom)
rCold    . . .     Gourm    .   (no shield)
rNeg     . . .     Faith    .   (armour unavailable)
rPois    .         Spirit   .   (helmet restricted)
rElec    .         Reflect  .   (no cloak)
rCorr    .         Harm     .   (no gloves)
MR       .....                  (no boots)
Stlth    ++........             (no amulet)
Regen    0.2/turn               (no ring)
MPRegen  0.2/turn               (no ring)

@: no status effects
A: unfitting armour, cold-blooded, AC +5
a: no special abilities


You were on level 3 of the Dungeon.
You were hungry.

You visited 1 branch of the dungeon, and saw 4 of its levels.

You collected 91 gold pieces.

Inventory:

Hand Weapons
 s - a +2 short sword of venom (weapon)
Missiles
 q - 4 tomahawks (quivered)
Jewellery
 h - an uncursed amulet of guardian spirit {unknown}
 i - an uncursed ring of flight {unknown}
 p - an uncursed ring of flight {unknown}
Scrolls
 k - a scroll of random uselessness {unknown}
 l - a scroll of enchant weapon {unknown}
 n - 4 scrolls of teleportation {unknown}
 t - 3 scrolls of immolation {unknown}
Potions
 d - a potion of heal wounds {unknown}
 e - a potion of lignification {unknown}
 f - a potion of agility {unknown}
 g - 2 potions of flight {unknown}
 m - a potion of degeneration {unknown}
 o - a potion of cancellation {unknown}
 r - a potion of mutation {unknown}
Books
 a - a book of Conjurations

   Spells                             Type                      Level
   a - Magic Dart                     Conjuration                  1
   b - Searing Ray                    Conjuration                  2
   c - Dazzling Spray                 Conjuration/Hexes            3
   d - Fulminant Prism                Conjuration/Hexes            4
   e - Force Lance                    Conjuration/Translocation    4
   f - Iskenderun's Mystic Blast      Conjuration                  4
Comestibles
 b - 3 bread rations
 c - 3 royal jellies
 j - 2 meat rations


   Skills:
 + Level 0.4 Fighting
 - Level 2.0 Dodging
 - Level 2.0 Stealth
 + Level 1.2 Unarmed Combat
 + Level 2.7 Spellcasting
 + Level 5.2 Conjurations
 + Level 0.1 Hexes


You had 2 spell levels left.
You knew the following spells:

 Your Spells              Type           Power        Failure   Level  Hunger
a - Magic Dart            Conj           ###.         2%          1    #......
b - Searing Ray           Conj           ###...       3%          2    ##.....
c - Dazzling Spray        Conj/Hex       ##....       19%         3    ###....


Dungeon Overview and Level Annotations

Branches:
Dungeon (4/15)
 Temple: D:4-7

Altars:

Annotations:
D:3 Sigmund


Innate Abilities, Weirdness & Mutations

Your plain brown scales are hard. (AC +5)
You cannot fit into any form of body armour.
You are cold-blooded and may be slowed by cold attacks.


Message History

You bump into the rock wall.
Something hits you!
You barely miss something. Something hits you but does no damage.
You're too confused to move!
You bump into the rock wall.
Something hits you but does no damage.
You miss something. Something completely misses you.
You bump into the rock wall.
You feel less confused.
You hear some strange, mumbled words.
A puff of flame appears from out of thin air!
The puff of flame hits you!
Casting: Magic Dart
Confirm with . or Enter, or press ? or * to list all spells.
Aiming: Searing Ray
Press: ? - help, Shift-Dir - straight line (Press . to maintain the ray.)
Something hits you!
* * * LOW HITPOINT WARNING * * *
You are feeling hungry.
Something hits you!
You die...

.......## #
#.........# ##
#.... #.### ##. #..
. #...# #.. #.# #.
###.####.. #.# .
#.##...# #.## #.
###.#....#
#{##.#.##.....)...
#@##....#....[#...
#.# #.......#..(
#.# ###.....#...
#.##. ##.....#...
#.##.# #..........
#.##.###..........
##.##.##.......#...
#..##.##.####.##...
#.###.##.# ..##...


There were no monsters in sight!

Vanquished Creatures
  5 adders
  2 oozes
  A worm (D:2)
  A dart slug (D:1)
  2 leopard geckos
  6 orcs
  A giant cockroach (D:2)
  10 goblins
  8 hobgoblins
  6 jackals
  4 bats
  3 frilled lizards (D:2)
  A rat (D:2)
50 creatures vanquished.

Notes
Turn   | Place    | Note
-------+----------+-------------------------------------------
     0 | D:1      | yevrey the Draconian Conjurer began the quest for the Orb.
     0 | D:1      | Reached XP level 1. HP: 14/14 MP: 3/3
   215 | D:2      | Reached XP level 2. HP: 19/20 MP: 1/5
   231 | D:1      | Learned a level 2 spell: Searing Ray
   981 | D:2      | Reached XP level 3. HP: 26/26 MP: 3/6
   986 | D:2      | Learned a level 3 spell: Dazzling Spray
  1569 | D:2      | Reached skill level 1 in Unarmed Combat
  1971 | D:3      | Reached XP level 4. HP: 25/33 MP: 2/7
  1979 | D:3      | Reached skill level 5 in Conjurations
  2685 | D:3      | Noticed Sigmund
  2858 | D:3      | Slain by Sigmund

Skill      XL: |  1  2  3  4 |
---------------+-------------+-----
Unarmed Combat | 1 |  1.2
Stealth        | 2 |  2.0
Conjurations   | 5 |  5.2
Dodging        | 2 |  2.0
Fighting       | |  0.4
Spellcasting   | |  2.7
Hexes          | |  0.1

Action                   |  1- 3 |  4- 6 || total
-------------------------+-------+-------++-------
Melee: Unarmed           |    79 |    37 ||   116
       Tailslap          |     5 |     6 ||    11
       Short sword       |       |     4 ||     4
 Cast: Magic Dart        |    49 |    36 ||    85
       Searing Ray       |     2 |     2 ||     4
       Dazzling Spray    |     1 |       ||     1
 Stab: Sleeping          |     1 |       ||     1
  Eat: Chunk             |     4 |     1 ||     5
       Royal jelly       |       |     1 ||     1
Armor: Skin              |    22 |    21 ||    43
Dodge: Dodged            |    78 |    38 ||   116
